 Dungeon Crawl Stone Soup version 0.30-a0-4-ga7cffc901d (webtiles) character file.

Game seed: 11813827584998563647

181 Setbun the Sneak (level 5, 0/30 HPs)
             Began as a Kobold Enchanter on Aug 20, 2022.
             Slain by an orc
             ... wielding a +0 whip
              (3 damage)
             ... on level 3 of the Dungeon.
             The game lasted 00:01:54 (3562 turns).

Setbun the Sneak (Kobold Enchanter)                 Turns: 3562, Time: 00:01:54

Health: 0/30       AC:  3    Str:  6    XL:     5   Next: 92%
Magic:  9/9        EV: 15    Int: 16    God:
Gold:   185        SH:  0    Dex: 17    Spells: 9/9 levels left

rFire   . . .      SeeInvis .    k - +1 dagger (flame)
rCold   . . .      Faith    .    (no shield)
rNeg    . . .      Spirit   .    b - +0 robe
rPois   .          Reflect  .    (no helmet)
rElec   .          Harm     .    (no cloak)
rCorr   .          Rampage  .    (no gloves)
Will    .....                    n - +0 pair of boots
Stlth   ++++......               (no amulet)
HPRegen 0.10/turn                (no ring)
MPRegen 0.11/turn                (no ring)

@: no status effects
A: small, no large weapons, nightstalker 3
a: no special abilities


You were on level 3 of the Dungeon.
You visited 1 branch of the dungeon, and saw 3 of its levels.

You collected 185 gold pieces.

Inventory:

Hand Weapons
 a - a +1 dagger
 k - a +1 dagger of flaming (weapon)
Armour
 b - a +0 robe (worn)
 n - a +0 pair of boots (worn)
Jewellery
 h - a ring of resist corrosion
Scrolls
 f - a scroll of magic mapping {unknown}
 g - 5 scrolls of identify {unknown}
 i - 5 scrolls of fog {unknown}
 j - 2 scrolls of enchant armour {unknown}
 l - a scroll of teleportation {unknown}
 m - 3 scrolls of acquirement {unknown}
 o - 2 scrolls of poison {unknown}
 p - a scroll of summoning {unknown}
Potions
 c - 2 potions of invisibility
 d - a potion of curing {unknown}
 e - a potion of flight {unknown}


   Skills:
 + Level 2.0 Fighting
 * Level 4.0 Short Blades
 + Level 3.3 Dodging
 + Level 4.9 Stealth
 + Level 2.9 Spellcasting
 + Level 3.4 Hexes


You had 9 spell levels left.
You didn't know any spells.
Your spell library contained the following spells:

 Spells                   Type           Power      Damage    Failure   Level
 Ensorcelled Hibernation  Hex/Ice        14%        N/A       14%         2
 Confusing Touch          Hex            13%        N/A       14%         3
 Tukima's Dance           Hex            13%        N/A       14%         3
 Dazzling Flash           Conj/Hex       14%        N/A       28%         3
 Portal Projectile        Hex/Tloc       14%        N/A       28%         3
 Call Canine Familiar     Summ           2%         N/A       50%         3
 Leda's Liquefaction      Hex/Erth       3%         N/A       67%         4


Dungeon Overview and Level Annotations

Branches:
Dungeon (3/15)

Altars:


Innate Abilities, Weirdness & Mutations

You are small and have problems with some larger weapons.
You are completely attuned to the shadows.


Message History

Jessica the Apprentice Sorceress comes into view.
She is wielding a +0 club.
Jessica is nearby!
Jessica is nearby!
Jessica is nearby!
The helpless Jessica fails to defend herself.
You impale Jessica!! You burn Jessica.
You kill Jessica!
Things that are here:
a +0 club; a +0 robe; the human corpse of Jessica Natasha, Servant of Life and Death comes into view.
Natasha is nearby!
Natasha is nearby!
An orc comes into view.
It is wielding a +2 hand axe of flaming and wearing a +0 leather armour of positive energy.
An orc comes into view. It is wielding a +0 whip.
The helpless Natasha fails to defend herself.
You impale Natasha!! You burn Natasha.
You kill Natasha!
Natasha screams in fury as she dies!
The orc barely misses you.
Your Fighting skill increases to level 2!
Your Short Blades skill increases to level 4!
The orc hits you with a +2 hand axe of flaming.
The orc burns you.
You see here the felid corpse of Natasha.
You closely miss the orc.
The orc hits you with a +2 hand axe of flaming!
The orc burns you. The orc barely misses you. The orc attacks as you move away!
The orc misses you. The orc attacks as you move away!
The orc hits you with a +0 whip.
* * * LOW HITPOINT WARNING * * *
The orc attacks as you move away! The orc closely misses you.
The orc attacks as you move away! The orc barely misses you.
The orc hits you with a +2 hand axe of flaming.
* * * LOW HITPOINT WARNING * * *
The orc burns you.
* * * LOW HITPOINT WARNING * * *
The orc attacks as you move away! The orc misses you.
The orc attacks as you move away! The orc hits you with a +0 whip.
You die...

#.###### ###.##
........ ....# ..##..#
.# #..# ......### ###.#
#.†# .........#....#
#..# ..##...##.##..#
#..# .....#....##..#
#..#
.###...##...).######..#
......######....@o.o..#
...#### ##########.#
.#.# .# .#.# .. .#.#
... .#.# .#.##
....##### .....<...


You could see 2 orcs.

Vanquished Creatures
  An orc priest (D:3)
  Jessica (D:3)
  Natasha (D:3)
  An orc wizard (D:3)
  2 adders (D:3)
  3 worms
  2 dart slugs
  3 orcs (D:3)
  3 endoplasms
  6 goblins
  2 hobgoblins (D:1)
  4 jackals (D:3)
  3 kobolds (D:1)
  A quokka (D:1)
  4 ball pythons
  2 bats
  5 frilled lizards
  3 rats
47 creatures vanquished.

Notes
Turn   | Place    | Note
-------+----------+-------------------------------------------
     0 | D:1      | Setbun the Kobold Enchanter began the quest for the Orb.
     0 | D:1      | Reached XP level 1. HP: 10/10 MP: 3/3
   755 | D:1      | Reached XP level 2. HP: 5/16 MP: 5/5
   759 | D:1      | Found a faded altar of an unknown god.
  1523 | D:1      | Reached XP level 3. HP: 20/20 MP: 6/6
  1930 | D:2      | Reached skill level 1 in Fighting
  2947 | D:3      | Reached XP level 4. HP: 25/25 MP: 7/7
  3237 | D:3      | Reached XP level 5. HP: 30/30 MP: 7/9
  3530 | D:3      | Noticed Jessica
  3534 | D:3      | Killed Jessica
  3546 | D:3      | Noticed Natasha
  3550 | D:3      | Killed Natasha
  3562 | D:3      | Slain by an orc

Illustrated notes

Levels and vault maps discovered:
D:1:      dpeg_arrival_more_subterranean_lakeside_camping, layout_basic,
          hellmonk_ecumenical_altar_prayer_group
D:2:      layout_loops_ring
D:3:      layout_loops_ring, uniq_natasha, uniq_jessica

Skill      XL: |  1  2  3  4  5 |
---------------+----------------+-----
Short Blades   | 2 3 4 |  4.0
Fighting       | 1 2 |  2.0
Dodging        | 3 |  3.3
Stealth        | |  4.9
Spellcasting   | |  2.9
Hexes          | |  3.4

Action                   |  1- 3 |  4- 6 || total
-------------------------+-------+-------++-------
Melee: Dagger            |    82 |    58 ||   140
       Punch             |       |     1 ||     1
 Stab: Sleeping          |    18 |     5 ||    23
Armor: Robe              |     7 |     9 ||    16
Dodge: Dodged            |    40 |    41 ||    81

Table legend: (Time is in decaauts)
 A = Elapsed time spent in this place.
 B = Non-inter-level travel time spent in this place.
 C = Inter-level travel time spent in this place.
 D = Time resting spent in this place.
 E = Time spent auto-exploring this place.
 F = Levels seen in this place.
 G = Mean time per level.
                   A        B        C        D        E       F      G
               +--------+--------+--------+--------+--------+-----+--------+
         Total |   3544 |   3427 |    117 |   1213 |   1900 |   3 | 1181.3 |
       Dungeon |   3544 |   3427 |    117 |   1213 |   1900 |   3 | 1181.3 |
               +--------+--------+--------+--------+--------+-----+--------+

Top non-repeatable levels by time:
     D:1: 1860 daAuts
     D:2: 1054 daAuts
     D:3: 629 daAuts
